 Dungeon Crawl Stone Soup version 0.25-a0-566-g062765be81 (webtiles) character file.

Game seed: 5979384256415592866, levelgen mode: deterministic

2954 MisterFreud the Blocker (level 9, -3/74 HPs)
             Began as a Gnoll Fighter on Feb 27, 2020.
             Was a Follower of Ashenzari.
             Slain by a manticore (9 damage)
             ... on level 7 of the Dungeon.
             The game lasted 00:13:59 (6339 turns).

MisterFreud the Blocker (Gnoll Fighter)             Turns: 6339, Time: 00:14:01

Health: -3/74      AC:  4    Str: 19    XL:     9   Next: 81%
Magic:  15/15      EV: 13    Int: 19    God:    Ashenzari [*.....]
Gold:   471        SH: 13    Dex: 20    Spells: 17/17 levels left

rFire    x . .     SeeInvis .   a - +0 rapier
rCold    + . .     Gourm    .   c - +1 kite shield (curse)
rNeg     . . .     Faith    .   C - +0 leather armour of Wenogg {rElec rF- Int+4 Dex+5} (curse)
rPois    .         Spirit   .   (no helmet)
rElec    +         Reflect  .   (no cloak)
rCorr    .         Harm     .   (no gloves)
MR       .....                  (no boots)
Stlth    +++.......             d - amulet of the acrobat
HPRegen  0.22/turn              j - ring of protection from cold
MPRegen  0.14/turn              v - +2 ring of intelligence

@: no status effects
A: distributed training, fangs 1, strong nose
a: Curse Item, Scrying, Renounce Religion


You were on level 7 of the Dungeon.
You worshipped Ashenzari.
Ashenzari was aware of your devotion.
You were not hungry.

You visited 2 branches of the dungeon, and saw 8 of its levels.

You collected 471 gold pieces.

Inventory:

Hand Weapons
 a - a +0 rapier (weapon)
 n - a +2 dagger of flaming
 t - a +3 falchion
 L - the +6 hand crossbow of Lupsyleam {flame, Dex+4}
   (You found it on level 7 of the Dungeon)

   It causes projectiles fired from it to burn those they strike, causing extra
   injury to most foes and up to half again as much damage against particularly
   susceptible opponents.
   It affects your dexterity (+4).
Missiles
 g - 146 stones (quivered)
 k - 172 arrows
 p - 20 poisoned darts
 q - 25 bolts
 s - 9 boomerangs
 y - 23 sling bullets
 z - a throwing net
Armour
 b - a +0 scale mail
 c - a cursed +1 kite shield (worn)
 C - the cursed +0 leather armour of Wenogg (worn) {rElec rF- Int+4 Dex+5}
   (You found it on level 4 of the Dungeon)

   It affects your intelligence (+4).
   It affects your dexterity (+5).
   It makes you vulnerable to fire.
   It insulates you from electricity.
   If you remove this armour, your AC will decrease by 4 (4 -> 0).
   It has a curse placed upon it.
Jewellery
 d - an amulet of the acrobat (around neck)
 j - a ring of protection from cold (left hand)
 v - a +2 ring of intelligence (right hand)
 A - an uncursed amulet of magic regeneration
Wands
 B - a wand of iceblast (5)
 D - a wand of digging (3)
 F - a wand of scattershot (4)
Scrolls
 e - 4 scrolls of teleportation
 i - 4 scrolls of remove curse
 u - 4 scrolls of amnesia
 E - a scroll of enchant armour
 I - a scroll of identify
Potions
 h - 2 potions of heal wounds {unknown}
 l - a potion of stabbing {unknown}
 m - a potion of degeneration {unknown}
 o - 2 potions of mutation
 r - 2 potions of curing
 x - a potion of brilliance
 G - 3 potions of invisibility {unknown}
 H - 2 potions of berserk rage {unknown}
Miscellaneous
 w - a lightning rod (4/4)
 K - a tin of tremorstones
Comestibles
 f - 21 rations
 J - 8 chunks of flesh


   Skills:
 + Level 8.0 Fighting
 + Level 6.5 Short Blades
 + Level 4.5 Long Blades
 + Level 4.5 Axes
 + Level 4.5 Maces & Flails
 + Level 4.5 Polearms
 + Level 4.5 Staves
 + Level 4.5 Slings
 + Level 4.5 Bows
 + Level 4.5 Crossbows
 + Level 4.5 Throwing
 + Level 8.0 Armour
 + Level 4.5 Dodging
 + Level 4.5 Stealth
 + Level 8.0 Shields
 + Level 4.5 Unarmed Combat
 + Level 4.5 Spellcasting
 + Level 3.7 Conjurations
 + Level 3.7 Hexes
 + Level 3.7 Charms
 + Level 3.7 Summonings
 + Level 3.7 Necromancy
 + Level 3.7 Translocations
 + Level 3.7 Transmutations
 + Level 3.7 Fire Magic
 + Level 3.7 Ice Magic
 + Level 3.7 Air Magic
 + Level 3.7 Earth Magic
 + Level 3.7 Poison Magic
 + Level 5.0 Invocations
 + Level 4.5 Evocations


You had 17 spell levels left.
You didn't know any spells.
Your spell library contained the following spells:

 Spells                   Type           Power        Failure   Level  Hunger
 Recall                   Summ/Tloc      N/A          24%         3    ###....
 Aura of Abjuration       Summ           ###.......   91%         5    ######.
 Summon Demon             Summ           ###.......   91%         5    ######.
 Summon Forest            Summ/Tloc      ###.......   91%         5    ######.
 Summon Mana Viper        Hex/Summ       ###.....     91%         5    ######.
 Shadow Creatures         Summ           N/A          100%        6    #######


Dungeon Overview and Level Annotations

Branches:
Dungeon (7/15)             Temple (1/1) D:4

Altars:
Ashenzari
Dithmenos
Hepliaklqana
Makhleb
Qazlal
Ru
Trog
Uskayaw
Wu Jian
The Shining One

Annotations:
D:5 3 runed translucent doors, Flugslaktarn's ghost, amateur FoFi


Innate Abilities, Weirdness & Mutations

Your experience applies equally to all skills.
You have very sharp teeth.
Your uncanny sense of smell can sniff out nearby items.


Message History

You feel sick.
You are no longer poisoned.
You block the manticore's attack. The manticore claws you.
The manticore misses you.
You hit the manticore.
The manticore is moderately wounded.
The manticore completely misses you.
The manticore claws you but does no damage. x2
You hit the manticore but do no damage.
The manticore is moderately wounded.
The manticore misses you. You block the manticore's attack.
The manticore claws you!
You puncture the manticore!
The manticore is heavily wounded.
The howler monkey hoots and howls with incredible vigour!
The manticore bites you!!
* * * LOW HITPOINT WARNING * * *
The manticore claws you but does no damage.
The manticore claws you!
You die...

.#..#. .#..# #.....
...# #.#... ...#
##.... ..# ###
##.....####'## ....
.............# .....
.#...../.....#......
..........).@H......
..#####'#####.##'###
#....)†...#...
#.#.#.#)#†#..h..
#..#.#.#..#..###.#
#.#.....#.#.#. #
+..#...#..+....
#.#.....#.#....
#..#.#.#..#


You could see a manticore and a howler monkey.

Vanquished Creatures
  A cyclops (D:7)
  2 ice beasts (D:6)
  3 sky beasts
  3 phantoms
  4 black bears
  An ogre (D:4)
  3 centaurs (D:7)
  2 bullfrogs (D:7)
  A water moccasin zombie (D:4)
  4 killer bees
  3 scorpions
  A crimson imp (D:5)
  6 orc wizards
  2 bullfrog skeletons (D:7)
  2 iguanas
  5 worker ants
  A hound zombie (D:6)
  A hound skeleton (D:4)
  A worker ant zombie (D:5)
  8 adders
  3 shadow imps
  An adder skeleton (D:7)
  An adder zombie (D:3)
  3 worms
  4 dart slugs
  3 leopard geckos
  24 orcs
  A ball python (D:4)
  4 giant cockroaches
  7 goblins
  5 hobgoblins
  14 jackals
  7 kobolds
  6 quokkas
  5 bats
  14 frilled lizards
  2 leopard gecko skeletons
  6 rats
164 creatures vanquished.

Vanquished Creatures (others)
  2 plants (D:7)
2 creatures vanquished.

Grand Total: 166 creatures vanquished

Notes
Turn   | Place    | Note
-------+----------+-------------------------------------------
     0 | D:1      | MisterFreud the Gnoll Fighter began the quest for the Orb.
     0 | D:1      | Reached XP level 1. HP: 23/23 MP: 1/1
    96 | D:1      | Reached XP level 2. HP: 28/29 MP: 2/2
   330 | D:1      | Reached XP level 3. HP: 30/35 MP: 3/3
   656 | D:2      | Noticed a black bear
   672 | D:2      | Reached skill level 1 in Invocations
   688 | D:2      | Killed a black bear
   688 | D:2      | Reached skill level 1 in Long Blades
   688 | D:2      | Reached skill level 1 in Axes
   688 | D:2      | Reached skill level 1 in Maces & Flails
   688 | D:2      | Reached skill level 1 in Polearms
   688 | D:2      | Reached skill level 1 in Staves
   688 | D:2      | Reached skill level 1 in Slings
   688 | D:2      | Reached skill level 1 in Bows
   688 | D:2      | Reached skill level 1 in Crossbows
   688 | D:2      | Reached skill level 1 in Throwing
   688 | D:2      | Reached skill level 1 in Dodging
   688 | D:2      | Reached skill level 1 in Stealth
   688 | D:2      | Reached skill level 1 in Unarmed Combat
   688 | D:2      | Reached skill level 1 in Spellcasting
   688 | D:2      | Reached skill level 1 in Conjurations
   688 | D:2      | Reached skill level 1 in Hexes
   688 | D:2      | Reached skill level 1 in Charms
   688 | D:2      | Reached skill level 1 in Summonings
   688 | D:2      | Reached skill level 1 in Necromancy
   688 | D:2      | Reached skill level 1 in Translocations
   688 | D:2      | Reached skill level 1 in Transmutations
   688 | D:2      | Reached skill level 1 in Fire Magic
   688 | D:2      | Reached skill level 1 in Ice Magic
   688 | D:2      | Reached skill level 1 in Air Magic
   688 | D:2      | Reached skill level 1 in Earth Magic
   688 | D:2      | Reached skill level 1 in Poison Magic
   688 | D:2      | Reached skill level 1 in Evocations
   688 | D:2      | Reached XP level 4. HP: 26/41 MP: 4/6
   688 | D:2      | Reached XP level 5. HP: 29/47 MP: 4/7
   815 | D:2      | Found a bloodstained altar of Trog.
  1596 | D:3      | Found a glowing golden altar of the Shining One.
  1972 | D:4      | Reached XP level 6. HP: 47/53 MP: 8/8
  1989 | D:4      | Found a staircase to the Ecumenical Temple.
  2047 | D:4      | Reached skill level 5 in Short Blades
  2263 | D:4      | Found a hazy altar of Hepliaklqana.
  2376 | D:4      | Reached XP level 7. HP: 23/59 MP: 10/10
  2382 | D:4      | Got a steaming leather armour
  2393 | D:4      | Identified the cursed +0 leather armour of Wenogg {rElec
                  | rF- Int+4 Dex+5} (You found it on level 4 of the Dungeon)
  2707 | Temple   | Entered the Ecumenical Temple
  2749 | Temple   | Became a worshipper of Ashenzari the Shackled
  3147 | D:4      | Found a shadowy altar of Dithmenos.
  3380 | D:5      | Entered Level 5 of the Dungeon
  3914 | D:6      | Reached XP level 8. HP: 26/67 MP: 12/12
  4437 | D:6      | Found a shadowy altar of Dithmenos.
  4561 | D:6      | Found an ornate altar of the Wu Jian Council.
  4732 | D:5      | Found a stormy altar of Qazlal.
  4756 | D:5      | Found a runed translucent gate.
  4756 | D:5      | Found a runed translucent gate.
  4757 | D:5      | Found a runed translucent gate.
  4786 | D:5      | Noticed Flugslaktarn's ghost (amateur FoFi)
  4906 | D:5      | Noticed a +0 dagger
  4907 | D:5      | Found a hide-covered altar of Uskayaw.
  4907 | D:5      | Noticed a +0 hand axe
  5266 | D:6      | Reached * piety under Ashenzari
  5348 | D:6      | Found a burning altar of Makhleb.
  5573 | D:7      | Reached XP level 9. HP: 52/72 MP: 14/14
  5703 | D:7      | Noticed a cyclops
  5703 | D:7      | Noticed a manticore
  5707 | D:7      | Noticed a troll
  6142 | D:7      | Killed a cyclops
  6197 | D:7      | Got the hand crossbow of Lupsyleam {flame, Dex+4}
  6317 | D:7      | Reached skill level 5 in Invocations
  6339 | D:7      | Slain by a manticore

Levels and vault maps discovered:
D:1:      matt_arrival_diagonals, layout_basic, serial_rivers,
          chequers_serial_rivers_small_a, chequers_serial_rivers_micro_c,
          chequers_serial_rivers_micro_e, chequers_serial_rivers_micro_a,
          st_stairs_13, minmay_lizard_king
D:2:      minmay_wonky_spiral, layout_rooms, nicolae_overflow_crystal_walls
D:3:      layout_loops_ring, tso_oasis_becter, first_ration
D:4:      kennysheep_six_static_rooms, layout_basic, overflow_temple_1_default,
          minmay_temple_entry_sparse_star, grunt_dithmenos_shadows
D:5:      layout_basic, dancing_weapons_uskayaw, lemuel_coloured_pillars_altar,
          gammafunk_ghost_necromancy
D:6:      minmay_thinvault, layout_gridville, old_standard_altar,
          lemuel_round_altar, kennysheep_mini, hangedman_decor_push
D:7:      minmay_the_grid_plus [minmay_the_grid_aliased_spiral,
          minmay_the_grid_gridbox, minmay_the_grid_garden,
          minmay_the_grid_outer_circle,
          minmay_the_grid_prize_four_corners_diamond_b], layout_gridville,
          vehumet_altar_wand_db, basic_altar
Temple:   minmay_temple_curvy_loop

Skill      XL: |  1  2  3  4  5  6  7  8  9 |
---------------+----------------------------+-----
Invocations    | 1 2 3 4 5 |  5.0
Long Blades    | 1 2 3 4 |  4.5
Axes           | 1 2 3 4 |  4.5
Maces & Flails | 1 2 3 4 |  4.5
Polearms       | 1 2 3 4 |  4.5
Staves         | 1 2 3 4 |  4.5
Slings         | 1 2 3 4 |  4.5
Bows           | 1 2 3 4 |  4.5
Crossbows      | 1 2 3 4 |  4.5
Throwing       | 1 2 3 4 |  4.5
Dodging        | 1 2 3 4 |  4.5
Stealth        | 1 2 3 4 |  4.5
Unarmed Combat | 1 2 3 4 |  4.5
Spellcasting   | 1 2 3 4 |  4.5
Conjurations   | 1 2 3 |  3.7
Hexes          | 1 2 3 |  3.7
Charms         | 1 2 3 |  3.7
Summonings     | 1 2 3 |  3.7
Necromancy     | 1 2 3 |  3.7
Translocations | 1 2 3 |  3.7
Transmutations | 1 2 3 |  3.7
Fire Magic     | 1 2 3 |  3.7
Ice Magic      | 1 2 3 |  3.7
Air Magic      | 1 2 3 |  3.7
Earth Magic    | 1 2 3 |  3.7
Poison Magic   | 1 2 3 |  3.7
Evocations     | 1 2 3 4 |  4.5
Short Blades   | 5 6 |  6.5
Fighting       | 7 8 |  8.0
Armour         | 7 8 |  8.0
Shields        | 7 8 |  8.0

Action                   |  1- 3 |  4- 6 |  7- 9 || total
-------------------------+-------+-------+-------++-------
Melee: Rapier            |    95 |   196 |   419 ||   710
       Bite              |    10 |    26 |    73 ||   109
       Dagger            |    15 |       |       ||    15
Invok: Curse Item        |       |       |     1 ||     1
Evoke: Wand              |       |       |     1 ||     1
  Use: Potion            |     1 |       |     4 ||     5
       Scroll            |       |    10 |     4 ||    14
 Stab: Sleeping          |       |       |     7 ||     7
       Distracted        |       |       |     2 ||     2
  Eat: Chunk             |       |     5 |    13 ||    18
Armor: Scale mail        |    40 |    48 |       ||    88
       Leather armour    |       |       |    59 ||    59
       Skin              |       |       |    10 ||    10
Dodge: Dodged            |    22 |    57 |   153 ||   232
Block: Kite shield       |    60 |    94 |   240 ||   394

Table legend:
 A = Non-vault XP
 B = Vault XP
 C = Vault XP percentage of total XP
 D = Non-vault monster count
 E = Vault monster count
 F = Vault count percentage of total count
                 A         B        C        D         E       F
            +---------+---------+-------+---------+---------+-------
      Total |    2288 |    1933 |  45.8 |     126 |      38 |  23.2
            +---------+---------+-------+---------+---------+-------
        D:1 |      35 |       8 |  18.6 |      18 |       6 |  25.0
        D:2 |     189 |       2 |   1.0 |      25 |       1 |   3.8
        D:3 |      65 |       0 |   0.0 |      23 |       0 |   0.0
        D:4 |     410 |     189 |  31.6 |      18 |       6 |  25.0
        D:5 |     454 |       0 |   0.0 |      15 |       0 |   0.0
        D:6 |     411 |     555 |  57.5 |      10 |      11 |  52.4
        D:7 |     724 |    1179 |  62.0 |      17 |      14 |  45.2
            +---------+---------+-------+---------+---------+-------
